Cogmind - Beta 16.1 @@@ ROGUE MODE // 2026.01.24 @ 21:23:10 Player: szymekc Result: Self-destructed Performance ------------- Evolutions (9) 4500 Regions Visited (14) 2800 Robots Destroyed (11) 55 Value Destroyed (552) 552 Prototype IDs (2) 40 Alien Tech Used (0) 0 Bonus (6711) 6711 TOTAL SCORE: 14658 Bonus ------- Pacifist 5711 Entered DSFs 1000 Cogmind --------- Core Integrity 290/1600 Matter 215/300 Energy 81/100 System Corruption 2% Temperature Cool (0) Movement Core (50) Location -1/Access Parts ------- > --- POWER (2) -------- (None) > --- PROPULSION (9) --- (None) > --- UTILITY (12) ----- Advanced Terrain Scan Processor Advanced Terrain Scan Processor > --- WEAPON (2) ------- (None) > --- INVENTORY (5) ---- Improved Fusion Compressor Compact Particle Reactor Microactuators AEGIS Remote Shield Peak State ------------ > --- POWER ------------ Improved Fusion Compressor Compact Particle Reactor > --- PROPULSION ------- Nuclear Pulse Array Nuclear Pulse Array Impulse Thruster Impulse Thruster Impulse Thruster > --- UTILITY ---------- Power Amplifier Structural Scanner Advanced Sensor Array Advanced Signal Interpreter Advanced Signal Interpreter Advanced Terrain Scan Processor Advanced Terrain Scan Processor Advanced Terrain Scan Processor Microactuators Improved Utility Shielding > --- WEAPON ----------- Great Maul > --- INVENTORY -------- (None) [Rating: 104] Favorites ----------- Power Improved Fusion Compressor Engine Improved Deuterium Engine Power Core Improved Fusion Compressor Reactor Compact Particle Reactor Propulsion Nuclear Pulse Array Flight Unit Nuclear Pulse Array Utility Advanced Terrain Scan Processor Device Advanced Sensor Array Processor Advanced Terrain Scan Processor Protection Improved Utility Shielding Weapon Great Maul Impact Weapon Great Maul Build | -11 -10 -9 -8 -7 -7 -6 -5 -4 -4 -3 -3 -2 -2 -1 ------- Run | Yrd Mat Mat Mat Fac DSF Fac Fac Fac Ext Res DSF Res Tes Acc Slots Evolved 18 | . . 2 2 2 . 2 2 2 . 2 . 2 . 2 Power 1 | . . . . . . . . 1 . . . . . . Propulsion 7 | . . 1 1 1 . 1 1 1 . 1 . . . . Utility 10 | . . 1 1 1 . 1 1 . . 1 . 2 . 2 Weapon . | . . . . . . . . . . . . . . . Parts Attached 24 | . . . 1 3 1 1 . . . . 7 8 1 2 Power 3 | . . . . . . . . . . . 1 2 . . Engine 1 | . . . . . . . . . . . 1 . . . Core 1 | . . . . . . . . . . . . 1 . . Reactor 1 | . . . . . . . . . . . . 1 . . Propulsion 8 | . . . . . . . . . . . 6 . . 2 Treads . | . . . . . . . . . . . . . . . Leg . | . . . . . . . . . . . . . . . Wheel . | . . . . . . . . . . . . . . . Hover . | . . . . . . . . . . . . . . . Flight 8 | . . . . . . . . . . . 6 . . 2 Utility 12 | . . . . 3 1 1 . . . . . 6 1 . Device 6 | . . . . . . 1 . . . . . 4 1 . Storage . | . . . . . . . . . . . . . . . Processor 5 | . . . . 3 . . . . . . . 2 . . Hackware . | . . . . . . . . . . . . . . . Protection 1 | . . . . . 1 . . . . . . . . . Artifact . | . . . . . . . . . . . . . . . Weapon 1 | . . . 1 . . . . . . . . . . . Energy Gun . | . . . . . . . . . . . . . . . Energy Cannon . | . . . . . . . . . . . . . . . Ballistic Gun . | . . . . . . . . . . . . . . . Ballistic Cannon . | . . . . . . . . . . . . . . . Launcher . | . . . . . . . . . . . . . . . Special Weapon . | . . . . . . . . . . . . . . . Impact Weapon 1 | . . . 1 . . . . . . . . . . . Slashing Weapon . | . . . . . . . . . . . . . . . Piercing Weapon . | . . . . . . . . . . . . . . . Special Melee Weapon . | . . . . . . . . . . . . . . . Unidentified Prototypes 2 | . . . . . . . . . . . . 1 1 . Parts Lost 17 | . . . . . . . . . 1 . 2 1 3 10 Power 1 | . . . . . . . . . . . 1 . . . Propulsion 8 | . . . . . . . . . . . 1 1 3 3 Utility 7 | . . . . . . . . . 1 . . . . 6 Weapon 1 | . . . . . . . . . . . . . . 1 Highest Loss Streak 10 | . . . . . . . . . 1 . 2 1 3 10 To Critical Strikes . | . . . . . . . . . . . . . . . Average Backups 2 | . . . . 1 2 2 3 4 4 4 3 1 1 4 Power . | . . . . . 1 1 1 1 1 1 . . . 1 Propulsion . | . . . . . . . . . . . . . . . Utility 1 | . . . . . . . . 2 2 2 2 1 1 2 Weapon . | . . . . 1 1 . . 1 1 1 1 . . . Tool/Special . | . . . . . . . . . . . . . . . Unused Backups 1 | . . . . . . . 1 . . . . . . . Power 1 | . . . . . . . 1 . . . . . . . Propulsion . | . . . . . . . . . . . . . . . Utility . | . . . . . . . . . . . . . . . Weapon . | . . . . . . . . . . . . . . . Tool/Special . | . . . . . . . . . . . . . . . Average Slot Usage (%) 31 | . . . . 11 26 32 29 26 26 19 36 58 58 30 Core 1 | . . . . . . . . . . . . 3 4 1 Flight 4 | . . . . . . . . . . . 16 21 9 2 Device 5 | . . . . . . 4 4 5 5 . . 6 14 9 Processor 14 | . . . . 11 23 20 17 15 15 14 14 16 21 16 Protection 2 | . . . . . 3 6 5 5 5 4 4 4 . . Impact Weapon 1 | . . . . . . . . . . . . 3 3 . Peak Build Rating 104 | . . . 3 12 15 23 24 24 21 16 77 104 97 54 Average Rating 36 | . . . . 8 13 20 21 21 21 16 55 85 77 39 On Entrance 22 | . . . . . 12 15 21 21 21 16 16 61 97 54 Avg Prop Armor Cover (%) 16 | . . . . . . . . . . . 29 3 . . Naked Turns 158 | . 30 77 44 7 . . . . . . . . . . Heaviest Build 30 | . . . 4 . 2 7 3 3 3 2 12 30 30 10 Greatest Support 60 | 3 3 3 3 3 3 3 3 3 3 3 60 47 40 13 Greatest Overweight (x) 2 | . . . 1 . . 2 . . . . . . 1 . Average Overweight (x) . | . . . . . . . . . . . . . . . Largest Inventory Capacity 5 | 5 5 5 5 5 5 5 5 5 5 5 5 5 5 5 Average Capacity 5 | 5 5 5 5 5 5 5 5 5 5 5 5 5 5 5 Most Carried 5 | . . . 1 2 2 3 5 4 4 4 4 3 4 5 Average Carried 2 | . . . . 1 2 2 3 3 4 4 3 1 1 4 Final Capacity 5 | 5 5 5 5 5 5 5 5 5 5 5 5 5 5 5 Final Carried 4 | . . . 1 2 2 3 4 4 4 4 3 . 4 4 Class Distribution -------------------- 66% | Mutant 24% | Scout 9% | Sprinter Dominant Class ---------------- Mutant | -10/Materials Mutant | -9/Materials Mutant | -8/Materials Mutant | -7/Factory Mutant | -7/DSF Mutant | -6/Factory Mutant | -5/Factory Mutant | -4/Factory Mutant | -4/Extension Mutant | -3/Research Mutant | -3/DSF Sprinter | -2/Research Scout | -2/Testing Scout | -1/Access Resources | -11 -10 -9 -8 -7 -7 -6 -5 -4 -4 -3 -3 -2 -2 -1 ----------- Run | Yrd Mat Mat Mat Fac DSF Fac Fac Fac Ext Res DSF Res Tes Acc Matter Collected 538 | 200 . . . . 6 . . . 3 . . 204 71 54 Remotely . | . . . . . . . . . . . . . . . Salvage Created 364 | . . . . . . . . . . . . 129 71 164 Parts 16 | . . . . . . . . . . . . 4 . 12 Haulers Intercepted 1 | . . . . . . . . . . . . 1 . . Recyclers Shooed . | . . . . . . . . . . . . . . . Parts Field Recycled . | . . . . . . . . . . . . . . . Retrieved Matter . | . . . . . . . . . . . . . . . Parts Self-Destructed . | . . . . . . . . . . . . . . . Prevented . | . . . . . . . . . . . . . . . Parts Restored . | . . . . . . . . . . . . . . . Kills | -11 -10 -9 -8 -7 -7 -6 -5 -4 -4 -3 -3 -2 -2 -1 ------- Run | Yrd Mat Mat Mat Fac DSF Fac Fac Fac Ext Res DSF Res Tes Acc Combat Hostiles Destroyed 8 | . . . . . . . . . . . . . 1 7 AOE 7 | . . . . . . . . . . . . . . 7 Classes Destroyed 5 | . . . . . . . . . . . . 3 1 1 Worker 1 | . . . . . . . . . . . . 1 . . Builder 1 | . . . . . . . . . . . . 1 . . Hauler 1 | . . . . . . . . . . . . 1 . . Swarmer 7 | . . . . . . . . . . . . . . 7 Protovariant L 1 | . . . . . . . . . . . . . 1 . Best Kill Streak 7 | . . . . . . . . . . . . 2 1 7 Combat Bots Only 7 | . . . . . . . . . . . . . 1 7 Max Kills in Single Turn 7 | . . . . . . . . . . . . 1 1 7 Gunslinging . | . . . . . . . . . . . . . . . Exploded 7 | . . . . . . . . . . . . . . 7 Melee . | . . . . . . . . . . . . . . . Uniques/NPCs Destroyed . | . . . . . . . . . . . . . . . Combat | -11 -10 -9 -8 -7 -7 -6 -5 -4 -4 -3 -3 -2 -2 -1 -------- Run | Yrd Mat Mat Mat Fac DSF Fac Fac Fac Ext Res DSF Res Tes Acc Hostile Shots Fired 277 | . . 7 12 . 6 . 16 5 21 . 33 4 42 131 Missed 115 | . . 4 3 . 3 . 5 1 6 . 15 3 21 54 Hits 162 | . . 3 9 . 3 . 11 4 15 . 18 1 21 77 Melee 3 | . . . . . . . . . . . 3 . . . Projectile 159 | . . 3 9 . 3 . 11 4 15 . 15 1 21 77 AOE 4 | . . . . . . . . . . . 4 . . . Critical Strikes 6 | . . . 2 . . . . . . . . . 1 3 Damage Taken 4040 | . . 42 132 . 174 . 225 95 433 . 753 30 416 1740 Core 2858 | . . 42 132 . 174 . 187 67 387 . 425 . 134 1310 Absorbed by Shields 9 | . . . . . . . . . . . 9 . . . Redirected to Shielding 92 | . . . . . . . 24 . 29 . 9 . 30 . Core Remaining (%) 83 | 100 100 89 76 . 75 100 81 . 60 . 67 . 90 . Volleys Fired . | . . . . . . . . . . . . . . . Largest . | . . . . . . . . . . . . . . . Hottest . | . . . . . . . . . . . . . . . Shots Fired . | . . . . . . . . . . . . . . . Gun . | . . . . . . . . . . . . . . . Cannon . | . . . . . . . . . . . . . . . Launcher . | . . . . . . . . . . . . . . . Special . | . . . . . . . . . . . . . . . Kinetic . | . . . . . . . . . . . . . . . Thermal . | . . . . . . . . . . . . . . . Explosive . | . . . . . . . . . . . . . . . Electromagnetic . | . . . . . . . . . . . . . . . Robot Hit Streak . | . . . . . . . . . . . . . . . Robot Miss Streak . | . . . . . . . . . . . . . . . Penetration Max . | . . . . . . . . . . . . . . . Secondary Targets . | . . . . . . . . . . . . . . . Shots Hit Robots 5 | . . . . . . . . . . . . 4 1 . Core Hits 10 | . . . . . . . . . . . . 1 . 9 Critical Kills . | . . . . . . . . . . . . . . . Critical Parts Destroyed 1 | . . . . . . . . . . . . . 1 . Critical Strikes 1 | . . . . . . . . . . . . . 1 . Smash 1 | . . . . . . . . . . . . . 1 . Melee Attacks 25 | . . . . . . 4 5 2 . . . 7 5 2 Impact 25 | . . . . . . 4 5 2 . . . 7 5 2 Slashing . | . . . . . . . . . . . . . . . Piercing . | . . . . . . . . . . . . . . . Sneak Attacks 4 | . . . . . . . . . . . . 3 1 . Combat Hostiles . | . . . . . . . . . . . . . . . Follow-up Attacks . | . . . . . . . . . . . . . . . Damage Inflicted 1146 | . . . . . . . . . . . . 341 132 673 Guns . | . . . . . . . . . . . . . . . Cannons . | . . . . . . . . . . . . . . . Explosions 670 | . . . . . . . . . . . . . . 670 Melee 473 | . . . . . . . . . . . . 341 132 . Ramming 3 | . . . . . . . . . . . . . . 3 Kinetic . | . . . . . . . . . . . . . . . Thermal 670 | . . . . . . . . . . . . . . 670 Explosive . | . . . . . . . . . . . . . . . Electromagnetic . | . . . . . . . . . . . . . . . Impact 473 | . . . . . . . . . . . . 341 132 . Slashing . | . . . . . . . . . . . . . . . Piercing . | . . . . . . . . . . . . . . . Highest Corruption 5 | . . . . . . . . . . . 5 . . 2 Average Corruption 3 | . . . . . . . . . . . 3 . . 2 Corruption Purged . | . . . . . . . . . . . . . . . Corruption Blocked . | . . . . . . . . . . . . . . . Effects 1 | . . . . . . . . . . . . . . 1 Message Errors 1 | . . . . . . . . . . . . . . 1 Overload Shots . | . . . . . . . . . . . . . . . Overflow Damage 253 | . . . . . . . . . . . . 32 132 89 Projectiles . | . . . . . . . . . . . . . . . Explosions 89 | . . . . . . . . . . . . . . 89 Melee 164 | . . . . . . . . . . . . 32 132 . Knockbacks 1 | . . . . . . . . . . . . . 1 . Impact 1 | . . . . . . . . . . . . . 1 . Kinetic . | . . . . . . . . . . . . . . . Secondary . | . . . . . . . . . . . . . . . Self-Inflicted Damage 113 | . . . . . . . . . . . . . . 113 Shots 1 | . . . . . . . . . . . . . . 1 Rammed 3 | . . . . . . . . . . . . . . 3 Targets Rammed 3 | . . . . . . . . . . . . . . 3 Kicked . | . . . . . . . . . . . . . . . Crushed . | . . . . . . . . . . . . . . . Highest Temperature 6 | . . . . . . . . . . . . 6 . . Average Temperature 2 | . . . . . . . . . . . . 2 . . Received Heat Transfer 303 | . . 15 72 . . . 72 9 36 . . 9 18 72 Siege Activations . | . . . . . . . . . . . . . . . Martial Activations . | . . . . . . . . . . . . . . . Shielding Activations . | . . . . . . . . . . . . . . . Robots Disrupted . | . . . . . . . . . . . . . . . Combat Hostiles . | . . . . . . . . . . . . . . . Robots Corrupted 2 | . . . . . . . . . . . . 1 1 . Combat Hostiles . | . . . . . . . . . . . . . . . Parts Fried 7 | . . . . . . . . . . . . 3 4 . Impact Corruptions 6 | . . . . . . . . . . . . 2 4 . Robots Melted . | . . . . . . . . . . . . . . . Combat Hostiles . | . . . . . . . . . . . . . . . Parts Melted . | . . . . . . . . . . . . . . . Heat Transferred 200 | . . . . . . . . . . . . . . 200 Parts Sabotaged . | . . . . . . . . . . . . . . . Parts Stolen . | . . . . . . . . . . . . . . . Parts Stripped . | . . . . . . . . . . . . . . . Power Chain Reactions . | . . . . . . . . . . . . . . . Alert | -11 -10 -9 -8 -7 -7 -6 -5 -4 -4 -3 -3 -2 -2 -1 ------- Run | Yrd Mat Mat Mat Fac DSF Fac Fac Fac Ext Res DSF Res Tes Acc Maximum Alert Level 1 | . . . . . . . . . . . . . . 1 Low Security (%) 98 | 100 100 100 100 100 100 100 100 100 100 100 100 100 100 91 Level 1 1 | . . . . . . . . . . . . . . 8 Level 2 . | . . . . . . . . . . . . . . . Level 3 . | . . . . . . . . . . . . . . . Level 4 . | . . . . . . . . . . . . . . . Level 5 . | . . . . . . . . . . . . . . . High Security . | . . . . . . . . . . . . . . . Max Security . | . . . . . . . . . . . . . . . Peak Influence 369 | . 5 1 . . . 16 19 4 7 . . 30 110 369 Initial 48 | . . 1 . . . . . 4 . . . . 4 48 Average 14 | . 1 . . . . 1 6 1 . . . 11 29 58 Influence Increases 661 | . 5 . . . . 18 38 4 7 . . 68 134 387 Destroy 0b10 Robot/C 160 | . . . . . . . . . . . . . 20 140 Destroy 0b10 Robot/NC 15 | . . . . . . . . . . . . 15 . . Destroy Leader 12 | . . . . . . . . . . . . 2 . 10 Successful Hack 25 | . 5 . . . . . 13 . 7 . . . . . Disable Machine 45 | . . . . . . . . . . . . 15 15 15 Destroy Structure 104 | . . . . . . 3 10 4 . . . 6 9 72 Partial Spotted 15 | . . . . . . . . . . . . . . 15 Lose Combat Pursuer 285 | . . . . . . 15 15 . . . . 30 90 135 Influence Decreases 332 | . . 5 . . . 17 30 13 7 . . 60 62 138 Entered New Map 46 | . . 4 . . . . 1 5 . . . . 4 32 Time Decay 189 | . . 1 . . . 17 29 8 . . . 50 34 50 Lost Part 97 | . . . . . . . . . 7 . . 10 24 56 Squads Dispatched 10 | . . 1 1 . . 1 1 . . . 1 4 . 1 Investigation 5 | . . . . . . 1 1 . . . . 2 . 1 Extermination 1 | . . . . . . . . . . . . 1 . . Reinforcement 4 | . . 1 1 . . . . . . . 1 1 . . Assault . | . . . . . . . . . . . . . . . Garrison . | . . . . . . . . . . . . . . . Intercept . | . . . . . . . . . . . . . . . Searches Triggered . | . . . . . . . . . . . . . . . Construction Impeded . | . . . . . . . . . . . . . . . Haulers Reinforced . | . . . . . . . . . . . . . . . Active Scanning Responses . | . . . . . . . . . . . . . . . Cargo Convoy Interrupts . | . . . . . . . . . . . . . . . Stealth | -11 -10 -9 -8 -7 -7 -6 -5 -4 -4 -3 -3 -2 -2 -1 --------- Run | Yrd Mat Mat Mat Fac DSF Fac Fac Fac Ext Res DSF Res Tes Acc Distress Signals 7 | . . 1 . . . . 2 1 . . . . 2 1 Communications Jammed . | . . . . . . . . . . . . . . . Distress Signals . | . . . . . . . . . . . . . . . Times Spotted 82 | . 1 9 4 . 1 2 8 3 4 . 6 8 12 24 Peak Tracking Total 26 | . 1 11 4 . 1 2 6 4 4 . 6 6 8 26 Tactical Retreats 5 | . . . . . . 1 1 . . . . 1 1 1 Traps | -11 -10 -9 -8 -7 -7 -6 -5 -4 -4 -3 -3 -2 -2 -1 ------- Run | Yrd Mat Mat Mat Fac DSF Fac Fac Fac Ext Res DSF Res Tes Acc Traps Triggered 3 | . . . . . . . . . . . 2 . . 1 Indirectly . | . . . . . . . . . . . . . . . Trap Hack Attempts . | . . . . . . . . . . . . . . . Triggered . | . . . . . . . . . . . . . . . Disarmed . | . . . . . . . . . . . . . . . Reprogrammed . | . . . . . . . . . . . . . . . Reused . | . . . . . . . . . . . . . . . Traps Extracted . | . . . . . . . . . . . . . . . Installed . | . . . . . . . . . . . . . . . Triggered . | . . . . . . . . . . . . . . . Machines | -11 -10 -9 -8 -7 -7 -6 -5 -4 -4 -3 -3 -2 -2 -1 ---------- Run | Yrd Mat Mat Mat Fac DSF Fac Fac Fac Ext Res DSF Res Tes Acc Machines Disabled 4 | . . . . . . . . . . . . 1 2 1 Max in Single Turn 1 | . . . . . . . . . . . . 1 1 1 Energy Cycler 1 | . . . . . . . . . . . . . . 1 Machines Repaired . | . . . . . . . . . . . . . . . Machines Dismantled . | . . . . . . . . . . . . . . . Machines Sabotaged . | . . . . . . . . . . . . . . . Overloaded Fab Kills . | . . . . . . . . . . . . . . . Hacking | -11 -10 -9 -8 -7 -7 -6 -5 -4 -4 -3 -3 -2 -2 -1 --------- Run | Yrd Mat Mat Mat Fac DSF Fac Fac Fac Ext Res DSF Res Tes Acc Machines Accessed 14 | . 1 3 . 1 . 1 2 . 1 1 . 2 . 2 Terminals 14 | . 1 3 . 1 . 1 2 . 1 1 . 2 . 2 Fabricators . | . . . . . . . . . . . . . . . Repair Stations . | . . . . . . . . . . . . . . . Recycling Units . | . . . . . . . . . . . . . . . Scanalyzers . | . . . . . . . . . . . . . . . Garrison Access . | . . . . . . . . . . . . . . . Total Hacks 29 | . 4 4 . 1 . 2 5 . 2 1 . 5 . 5 Successful 9 | . 1 2 . 1 . . 2 . 1 1 . . . 1 Failed 20 | . 3 2 . . . 2 3 . 1 . . 5 . 4 Catastrophic 11 | . . 1 . . . 2 2 . . . . 4 . 2 Database Lockouts . | . . . . . . . . . . . . . . . Manual 14 | . . 3 . . . . 5 . . . . 5 . 1 Terminals 29 | . 4 4 . 1 . 2 5 . 2 1 . 5 . 5 Fabricators . | . . . . . . . . . . . . . . . Repair Stations . | . . . . . . . . . . . . . . . Recycling Units . | . . . . . . . . . . . . . . . Scanalyzers . | . . . . . . . . . . . . . . . Garrison Access . | . . . . . . . . . . . . . . . Terminal Hacks 7 | . 1 2 . 1 . . 1 . 1 1 . . . . Open Door 1 | . . . . . . . . . 1 . . . . . Open DSF 2 | . . . . 1 . . . . . 1 . . . . Level Access Points 1 | . . . . . . . 1 . . . . . . . Zone Layout 3 | . 1 2 . . . . . . . . . . . . Fabricator Hacks . | . . . . . . . . . . . . . . . Repair Station Hacks . | . . . . . . . . . . . . . . . Recycling Unit Hacks . | . . . . . . . . . . . . . . . Scanalyzer . | . . . . . . . . . . . . . . . Garrison Access Hacks . | . . . . . . . . . . . . . . . Unauthorized Hacks 2 | . . . . . . . 1 . . . . . . 1 Terminals 2 | . . . . . . . 1 . . . . . . 1 Botnet 2 | . . . . . . . 1 . . . . . . 1 Fabricators . | . . . . . . . . . . . . . . . Repair Stations . | . . . . . . . . . . . . . . . Recycling Units . | . . . . . . . . . . . . . . . Scanalyzers . | . . . . . . . . . . . . . . . Garrison Access . | . . . . . . . . . . . . . . . Data Cores Recovered . | . . . . . . . . . . . . . . . Used . | . . . . . . . . . . . . . . . Hacking Detections 11 | . 1 2 . 1 . 1 2 . . . . 2 . 2 Full Trace Events 6 | . . 1 . . . 1 1 . . . . 2 . 1 Feedback Events . | . . . . . . . . . . . . . . . Feedback Blocked . | . . . . . . . . . . . . . . . Robot Schematics Acquired . | . . . . . . . . . . . . . . . Robots Built . | . . . . . . . . . . . . . . . Authchips . | . . . . . . . . . . . . . . . Time . | . . . . . . . . . . . . . . . Total Robot Build Rating . | . . . . . . . . . . . . . . . Part Schematics Acquired . | . . . . . . . . . . . . . . . Parts Built . | . . . . . . . . . . . . . . . Authchips . | . . . . . . . . . . . . . . . Time . | . . . . . . . . . . . . . . . Total Part Build Rating . | . . . . . . . . . . . . . . . Part Studies Acquired . | . . . . . . . . . . . . . . . Parts Repaired . | . . . . . . . . . . . . . . . Time . | . . . . . . . . . . . . . . . Parts Recycled . | . . . . . . . . . . . . . . . Recycled Matter . | . . . . . . . . . . . . . . . Retrieved Matter . | . . . . . . . . . . . . . . . Retrieved Components . | . . . . . . . . . . . . . . . Parts Scanalyzed . | . . . . . . . . . . . . . . . Part Schematics Acquired . | . . . . . . . . . . . . . . . Parts Damaged . | . . . . . . . . . . . . . . . Bothacking | -11 -10 -9 -8 -7 -7 -6 -5 -4 -4 -3 -3 -2 -2 -1 ------------ Run | Yrd Mat Mat Mat Fac DSF Fac Fac Fac Ext Res DSF Res Tes Acc Used RIF Installer . | . . . . . . . . . . . . . . . Robots Hacked . | . . . . . . . . . . . . . . . Non-combat . | . . . . . . . . . . . . . . . Combat . | . . . . . . . . . . . . . . . Robot Hacks Applied . | . . . . . . . . . . . . . . . Relay Couplers Released . | . . . . . . . . . . . . . . . Fabnet Peak Effective % . | . . . . . . . . . . . . . . . Robots Rewired . | . . . . . . . . . . . . . . . Allies Hacked . | . . . . . . . . . . . . . . . Hacks Repelled . | . . . . . . . . . . . . . . . Allies | -11 -10 -9 -8 -7 -7 -6 -5 -4 -4 -3 -3 -2 -2 -1 -------- Run | Yrd Mat Mat Mat Fac DSF Fac Fac Fac Ext Res DSF Res Tes Acc Total Allies . | . . . . . . . . . . . . . . . Largest Group . | . . . . . . . . . . . . . . . Highest-Rated Group . | . . . . . . . . . . . . . . . Highest-Rated Ally . | . . . . . . . . . . . . . . . Total Orders . | . . . . . . . . . . . . . . . Ally Attacks . | . . . . . . . . . . . . . . . Total Damage . | . . . . . . . . . . . . . . . Kills . | . . . . . . . . . . . . . . . Allies Corrupted . | . . . . . . . . . . . . . . . Allies Melted . | . . . . . . . . . . . . . . . Intel | -11 -10 -9 -8 -7 -7 -6 -5 -4 -4 -3 -3 -2 -2 -1 ------- Run | Yrd Mat Mat Mat Fac DSF Fac Fac Fac Ext Res DSF Res Tes Acc Active Infowar (turns) 647 | . . . . . . 72 97 77 47 . . 115 132 107 Sensors 346 | . . . . . . . . . . . . 115 132 99 Terrain 293 | . . . . . . 72 97 77 47 . . . . . Structural 236 | . . . . . . . . . . . . 19 132 85 Robot Analysis Total . | . . . . . . . . . . . . . . . Derelict Logs Recovered . | . . . . . . . . . . . . . . . Drone Launches . | . . . . . . . . . . . . . . . Drone Recoveries . | . . . . . . . . . . . . . . . Exploration | -11 -10 -9 -8 -7 -7 -6 -5 -4 -4 -3 -3 -2 -2 -1 ------------- Run | Yrd Mat Mat Mat Fac DSF Fac Fac Fac Ext Res DSF Res Tes Acc Turns Passed 985 | 11 30 77 47 31 27 87 117 77 47 3 45 126 132 128 Spaces Moved 1926 | 22 59 154 88 50 51 134 172 136 94 5 79 320 298 264 Core 1039 | 22 59 154 88 50 51 134 172 136 94 5 5 . . 69 Treads . | . . . . . . . . . . . . . . . Legs . | . . . . . . . . . . . . . . . Wheels . | . . . . . . . . . . . . . . . Hover . | . . . . . . . . . . . . . . . Flight 887 | . . . . . . . . . . . 74 320 298 195 Fastest Speed 25 | 50 50 50 50 50 50 50 50 50 50 50 25 28 31 40 Average Speed 43 | 50 50 50 51 50 50 51 50 50 50 50 34 28 38 42 Slowest Speed 150 | 50 50 50 100 50 50 150 50 50 50 50 50 37 117 50 Overloaded Moves . | . . . . . . . . . . . . . . . Propulsion Burnouts . | . . . . . . . . . . . . . . . Robots Hopped 14 | . . . . . . . . . . . 2 4 6 2 Potential Cave-ins . | . . . . . . . . . . . . . . . Cave-ins Triggered . | . . . . . . . . . . . . . . . Exploration Rate (%) 24 | 3 17 32 17 3 82 7 8 5 24 . 70 15 51 15 Regions Visited 14 Branch Regions 2 Pre-discovered Areas . | . . . . . . . . . . . . . . . Known Exits Taken 5 | . . . . 1 . . 1 . . 1 . 1 1 . Unknown Exits Taken 7 | 1 1 1 1 . . 1 . 1 1 . . . . . Scrap Searched . | . . . . . . . . . . . . . . . Spaces Dug 17 | . . . . . . 4 5 2 . . . 2 3 1 Terrain Destroyed 43 | . . . . . . 4 5 2 . . . 2 3 27 Melee 17 | . . . . . . 4 5 2 . . . 2 3 1 Projectile . | . . . . . . . . . . . . . . . AOE 26 | . . . . . . . . . . . . . . 26 Terrain Rammed . | . . . . . . . . . . . . . . . Walls Destroyed . | . . . . . . . . . . . . . . . Machines Disabled . | . . . . . . . . . . . . . . . Actions | -11 -10 -9 -8 -7 -7 -6 -5 -4 -4 -3 -3 -2 -2 -1 --------- Run | Yrd Mat Mat Mat Fac DSF Fac Fac Fac Ext Res DSF Res Tes Acc Total 1999 | 21 58 153 89 53 51 143 195 141 93 4 90 334 301 273 Wait 12 | . . . . . . . 3 . . . 6 3 . . Move 1887 | 21 58 153 87 49 50 133 171 135 93 4 74 312 286 261 Hop 11 | . . . . . . . . . . . 2 3 5 1 Pick Up 5 | . . . . 1 . 1 3 . . . . . . . Fast Attach 20 | . . . 1 3 1 1 . . . . 6 6 . 2 Attach 16 | . . . . . . 2 6 2 . . 1 3 . 2 Detach 16 | . . . 1 . . 2 5 2 . . . . 4 2 Swap 1 | . . . . . . . . . . . . . 1 . Drop 2 | . . . . . . . 2 . . . . . . . Fire . | . . . . . . . . . . . . . . . Melee 25 | . . . . . . 4 5 2 . . . 7 5 2 Ram 3 | . . . . . . . . . . . . . . 3 Kick . | . . . . . . . . . . . . . . . Crush . | . . . . . . . . . . . . . . . Escape Stasis 1 | . . . . . . . . . . . 1 . . . Rewire . | . . . . . . . . . . . . . . . Trap . | . . . . . . . . . . . . . . . Miscellaneous . | . . . . . . . . . . . . . . . Route ------- -11/Scrapyard -10/Materials -9/Materials (discovered 2 exits: [*Mat] / [*Min]) -8/Materials -7/Factory -7/DSF -6/Factory -5/Factory (discovered 4 exits: *Fac x4) -4/Factory -4/Extension -3/Research -3/DSF -2/Research -2/Testing -1/Access History --------- Turn | Location | Event 4 | -11/Scrapyard | Discovered new exit (range 16) 12 | -11/Scrapyard | Entered Materials 34 | -10/Materials | Discovered new exit (range 16) 42 | -10/Materials | Entered another Materials area 42 | -9/Materials | Evolved 2 slots: Propulsion x1, Utility x1 77 | -9/Materials | Discovered new exit (range 17) 115 | -9/Materials | Discovered new exit (range 10) 119 | -9/Materials | Entered another Materials area 119 | -8/Materials | Evolved 2 slots: Propulsion x1, Utility x1 159 | -8/Materials | Discovered new exit (range 16) 166 | -8/Materials | Entered Factory 166 | -7/Factory | Evolved 2 slots: Propulsion x1, Utility x1 196 | -7/Factory | Identified exit to DSF 197 | -7/Factory | Entered DSF 218 | -7/DSF | Discovered new exit (range 14) 224 | -7/DSF | Entered Factory 224 | -6/Factory | Evolved 2 slots: Propulsion x1, Utility x1 288 | -6/Factory | Discovered new exit (range 17) 311 | -6/Factory | Entered another Factory area 311 | -5/Factory | Evolved 2 slots: Propulsion x1, Utility x1 366 | -5/Factory | Build established: Mutant 404 | -5/Factory | Identified exit to Factory 428 | -5/Factory | Entered another Factory area 428 | -4/Factory | Evolved 2 slots: Power x1, Propulsion x1 498 | -4/Factory | Discovered new exit (range 16) 505 | -4/Factory | Entered Extension 542 | -4/Extension | Spotted B-86 Titan 546 | -4/Extension | Spotted B-86 Titan 547 | -4/Extension | Discovered new exit (range 14) 552 | -4/Extension | Entered Research 552 | -3/Research | Evolved 2 slots: Propulsion x1, Utility x1 555 | -3/Research | Identified exit to DSF 555 | -3/Research | Entered DSF 580 | -3/DSF | Additional patrols routed to DSF 594 | -3/DSF | Discovered new exit (range 16) 600 | -3/DSF | Entered Research 600 | -2/Research | Evolved 2 slots: Utility x2 720 | -2/Research | Discovered new exit (range 5) 721 | -2/Research | Identified exit to Testing 726 | -2/Research | Entered Testing 748 | -2/Testing | Found Prototype Device 748 | -2/Testing | Identified AEGIS Remote Shield 790 | -2/Testing | Lost 3 parts (3n) 822 | -2/Testing | Destroyed PL-N8RBPL3PX3 854 | -2/Testing | Discovered new exit (range 12) 858 | -2/Testing | Identified exit to Access 858 | -2/Testing | Entered Access 858 | -1/Access | Evolved 2 slots: Utility x2 931 | -1/Access | Spotted B-99 Colossus 967 | -1/Access | Core integrity fell below 50% 975 | -1/Access | Energy Cycler disabled 986 | -1/Access | Core integrity fell below 20% 986 | -1/Access | Self-destructed Last Messages --------------- 00962_ The floor emits a surge of raw power. 00962_ System corrupted (+2). 00965_ Adv. Sensor Array destroyed. 00973_ TMQ EEP:5JK%SYXJDNB SSAGY 00975_ ALERT: Power surge detected, dispatching additional patrols. 00975_ Energy Cycler explodes. 00975_ S-43 Plague destroyed. 00975_ Destroyed Xenon Bombardment Thruster. 00975_ S-43 Plague destroyed. 00975_ Destroyed Xenon Bombardment Thruster. 00975_ S-43 Plague destroyed. 00976_ Great Maul destroyed. 00979_ Acquired Xenon Bombardment Thruster. 00979_ R-10 Processor collects Xenon Bombardment Thruster. 00980_ Acquired 27 matter. 00980_ K-01 Serf collects debris. 00982_ Acquired Xenon Bombardment Thruster. 00983_ Xenon Bombardment Thruster destroyed. 00983_ K-01 Serf collects debris. 00983_ Acquired 23 matter. Map ----- +----------------------------------------------------+ | | | ?????????????????????????????????????????????????? | | ?????????????????????????????????????????????????? | | ?????????????????????????????????????????????????? | | ?????????????????????????????????????????????????? | | ?????????????????????????????????????????????????? | | ?????????????????????????????????????????????????? | | ?????????????????????????????????????????????????? | | ?????????????????????????????????????????????????? | | ?????????????????????????????????????????????????? | | ?????????????????????????????????????????????????? | | ?????????????????????????????????????????????????? | | ?????????????????????????????????????????????????? | | ???????? ????????????####+#######???????????????? | | ? ? ??? ???????????# ????????????????? | | ?? ??????????# ????????????????? | | ?? ????????# ????????????????? | | ???? !! ??####??# ?????????????????? | | ?????? !! ?# # ### #??????????????????? | | ????????? ##;;;;;# #??????????????????? | | ???????????? ; ; #??????????????????? | | ##########???##; ; #??????????????????? | | ###### #???# ; ; #??????????????????? | | " #???# ; ; #??????????????????? | | #????# #???# ; % ; +??????????????????? | | #????## ##???# ; s *; @ #??????????????????? | | #?????# #????# ; =%s; #??????????????????? | | #?????# #????##; s s; #??????????????????? | | #######/#######; R s= #??????????????????? | | + R # s# #??????????????????? | | ### # # #??????????????????? | | ###"" !!# s + #??????????????????? | | ??#"" ! # # #??????????????????? | | ??#"" # # #??????????????????? | | ??#G ########g #??????????????????? | | ??#"" # #??????????????????? | | ??#"" # #??????????????????? | | ??#"" # #??????????????????? | | ??# / +??????????????????? | | ??# # #??????????????????? | | ??# # #??????????????????? | | ??############## #??????????????????? | | ???????????? ###### #??????????????????? | | ???????? #????? #??????????????????? | | ???? #??????#??????????????????? | | ??? #?????????????????????????? | | ???? #?????????????????????????? | | ???? #?????????????????????????? | | ??? #?????????????????????????? | | ????####################?????????????????????????? | +----------------------------------------------------+ Best States ------------- Heat Dissipation 52 Energy Generation 62 Energy Capacity 290 Matter Stores 300 Matter Capacity 300 Sight Range 16 Robot Scan Range 16 Terrain Scan Range 20 Terrain Scan Density 610 Power Amplification 20 Utility Shielding 66 Melee Speed Boost 20 Evasion (%) 65 Item Schematics ----------------- None Robot Schematics ------------------ None Fabricated ------------ Nothing Repaired ---------- Nothing Studied --------- None Alien Tech Used ----------------- None Achievements -------------- None Challenges ------------ None Game ------ Seed IonBurstSegregator Manual? 0 Play Time 00:19:01 Cumulative 1110.3 hours Start 2026.01.24 @ 21:06:05 End 2026.01.24 @ 21:23:10 Sessions 1 Manual Loads 0 Difficulty Rogue Special Mode None Game No. 349 Rogue 347 Adventurer 2 Explorer 0 Win Type - Total 83 Types 23/19/19/1/1/1/14/2/1/2 Lore% 97 Gallery% 95 Achievement% 86 Wizard Run 0 Options --------- Layout 0 ASCII 0 Keyboard 1 Movement Numpad Keybinds 0 Fullscreen 1 Font 24/Smallcaps Map View 76x50 Zoom Use 0% Tactical HUD 1 Map Filters NONE Filters NONE Steam 1 RUN: e2a41ebf-2a45-4325-9972-4627c92a968b